 Dungeon Crawl Stone Soup version 0.28-a0-1206-g193881aaa2 (webtiles) character file.

Game seed: 1148549572061038228

76 SensoryNuts the Covered (level 4, -6/35 HPs)
             Began as a Demonspawn Fighter on Dec 20, 2021.
             Killed from afar by Natasha (11 damage)
             ... with a magic dart
             ... on level 2 of the Dungeon.
             The game lasted 00:00:58 (1417 turns).

SensoryNuts the Covered (Demonspawn Fighter)        Turns: 1417, Time: 00:00:59

Health: -6/35      AC:  6    Str: 19    XL:     4   Next: 12%
Magic:  4/4        EV: 10    Int:  9    God:
Gold:   64         SH:  4    Dex: 12    Spells: 3/3 levels left

rFire   . . .      SeeInvis .   a - +0 long sword
rCold   . . .      Faith    .   c - +0 buckler
rNeg    . . .      Spirit   .   b - +0 scale mail
rPois   .          Reflect  .   (no helmet)
rElec   .          Harm     .   (no cloak)
rCorr   .          Rampage  .   (no gloves)
Will    .....                   (no boots)
Stlth   ..........              (no amulet)
HPRegen 0.11/turn               (no ring)
MPRegen 0.18/turn               (no ring)

@: mighty
A: hooves 1, magic regeneration
a: no special abilities


You were on level 2 of the Dungeon.
You visited 1 branch of the dungeon, and saw 2 of its levels.

You collected 64 gold pieces.

Inventory:

Hand Weapons
 a - a +0 long sword (weapon)
Armour
 b - a +0 scale mail (worn)
 c - a +0 buckler (worn)
Scrolls
 e - a scroll of fear {unknown}
Potions
 d - 2 potions of might
 f - a potion of lignification {unknown}


   Skills:
 + Level 3.3 Fighting
 + Level 2.0 Long Blades
 + Level 3.3 Armour
 + Level 1.3 Dodging
 + Level 3.2 Shields


You had 3 spell levels left.
You didn't know any spells.
Your spell library contained the following spells:

 Spells                   Type           Power      Damage    Failure   Level
 Passwall                 Tmut/Erth      0%         N/A       89%         2
 Swiftness                Air            0%         N/A       98%         3


Dungeon Overview and Level Annotations

Branches:
Dungeon (2/15)

Altars:

Shops:
D:1 :

Annotations:
D:2 Natasha


Innate Abilities, Weirdness & Mutations

You have large cloven feet.
You regenerate magic rapidly.


Message History

The kobold shouts!
Natasha closely misses you. The white imp barely misses you.
You hit Natasha. Your kick misses Natasha.
Natasha is moderately wounded.
The white imp hits you but does no damage.
Natasha claws you.
You are too injured to fight recklessly!
You are too injured to fight recklessly!
You are too injured to fight recklessly!
You are too injured to fight recklessly!
You are too injured to fight recklessly!
You are too injured to fight recklessly!
You are too injured to fight recklessly!
You are too injured to fight recklessly!
You are too injured to fight recklessly!
You are too injured to fight recklessly!
You are too injured to fight recklessly!
You are too injured to fight recklessly!
You are too injured to fight recklessly!
You are too injured to fight recklessly!
You are too injured to fight recklessly!
You are too injured to fight recklessly!
You are too injured to fight recklessly!
You are too injured to fight recklessly!
There are monsters nearby!
Unknown command.
You feel very mighty all of a sudden. The white imp gestures at you.
The puff of frost hits you!
* * * LOW HITPOINT WARNING * * *
Natasha barely misses you.
You slash Natasha!
Natasha is almost dead.
The white imp hits you.
* * * LOW HITPOINT WARNING * * *
The white imp freezes you.
* * * LOW HITPOINT WARNING * * *
Natasha stares at you and mumbles some strange words.
The magic dart hits you!
You die...

#.......# #≈.....≈#
#≈≈...≈≈# #≈≈...≈≈#
#≈≈.K.≈≈# #≈≈...≈≈#
#≈≈5h.≈≈# #≈≈.@.≈≈#
#≈≈...≈≈# #≈.....≈#
#...(...# ##...).##
.######.#####
............#
###########)#######
#....)......#


You could see Natasha, a white imp (summoned) and a kobold.

Vanquished Creatures
  An iguana (D:2)
  A gnoll (D:1)
  3 ball pythons (D:1)
  A bat (D:1)
  5 endoplasms
  3 giant cockroaches
  7 goblins
  2 hobgoblins (D:1)
  A quokka (D:1)
  2 frilled lizards (D:1)
  3 kobolds
  5 rats (D:1)
34 creatures vanquished.

Notes
Turn   | Place    | Note
-------+----------+-------------------------------------------
     0 | D:1      | SensoryNuts the Demonspawn Fighter began the quest for the
                  | Orb.
     0 | D:1      | Reached XP level 1. HP: 18/18 MP: 1/1
   140 | D:1      | Found Nof Kerr's Book Shoppe.
   275 | D:1      | Gained mutation: You regenerate magic rapidly. [demonic
                  | ancestry]
   275 | D:1      | Reached XP level 2. HP: 24/24 MP: 2/2
   743 | D:1      | Discovered your monstrous ancestry.
   743 | D:1      | Gained mutation: You have large cloven feet. [demonic
                  | ancestry]
   743 | D:1      | Reached XP level 3. HP: 25/29 MP: 3/3
  1229 | D:2      | Reached skill level 1 in Dodging
  1229 | D:2      | Reached XP level 4. HP: 19/35 MP: 4/4
  1410 | D:2      | Noticed Natasha
  1417 | D:2      | Killed from afar by Natasha

Illustrated notes

Levels and vault maps discovered:
D:1:      lemuel_arrival_funnel, layout_loops_cross, serial_shops, shop
D:2:      minmay_kobold_bridge, layout_basic,
          hellmonk_ecumenical_altar_heavens_door, serial_shops, shop,
          uniq_terence, uniq_natasha

Skill      XL: |  1  2  3 |
---------------+----------+-----
Armour         | 3 |  3.3
Shields        | 3 |  3.2
Long Blades    | 2 |  2.0
Dodging        | 1 |  1.3
Fighting       | |  3.3

Action                   |  1- 3 |  4- 6 || total
-------------------------+-------+-------++-------
Melee: Long sword        |    93 |     6 ||    99
       Kick              |     9 |     1 ||    10
  Use: Potion            |       |     1 ||     1
Armor: Scale mail        |    26 |     2 ||    28
Dodge: Dodged            |    56 |     5 ||    61
Block: Buckler           |    25 |       ||    25

Table legend: (Time is in decaauts)
 A = Elapsed time spent in this place.
 B = Non-inter-level travel time spent in this place.
 C = Inter-level travel time spent in this place.
 D = Time resting spent in this place.
 E = Time spent auto-exploring this place.
 F = Levels seen in this place.
 G = Mean time per level.
                   A        B        C        D        E       F      G
               +--------+--------+--------+--------+--------+-----+--------+
         Total |   1448 |   1432 |     16 |      0 |   1208 |   2 |  724.0 |
       Dungeon |   1448 |   1432 |     16 |      0 |   1208 |   2 |  724.0 |
               +--------+--------+--------+--------+--------+-----+--------+

Top non-repeatable levels by time:
     D:1: 1087 daAuts
     D:2: 360 daAuts
